 Dungeon Crawl Stone Soup version 0.30-a0-989-g0d87f670db (webtiles) character file.

Game seed: 9036098961079499181

131 jasper the Caller (level 5, -1/30 HPs)
             Began as a Tengu Summoner on Apr 3, 2023.
             Succumbed to a gnoll's poison
             ... on level 3 of the Dungeon.
             The game lasted 00:04:34 (1844 turns).

jasper the Caller (Tengu Summoner)                  Turns: 1844, Time: 00:04:35

Health: -1/30      AC:  6    Str:  8    XL:     5   Next: 14%
Magic:  5/9        EV: 12    Int: 18    God:
Gold:   490        SH:  0    Dex: 14    Spells: 4/8 levels left

rFire   . . .      SeeInvis .    e - +0 spear
rCold   . . .      Faith    .    (no shield)
rNeg    . . .      Spirit   .    l - +1 ring mail
rPois   .          Reflect  .    (helmet restricted)
rElec   .          Rampage  .    (no cloak)
rCorr   .                        (no gloves)
Will    .....                    (boots unavailable)
Stlth   +                        (no amulet)
HPRegen 0.25/turn                (no ring)
MPRegen 0.11/turn                (no ring)

@: mighty, lethally poisoned (-1 -> -17), flying quickly and evasively, quick
A: beak, talons 3, nimble flight
a: no special abilities


You were on level 3 of the Dungeon.
You visited 1 branch of the dungeon, and saw 3 of its levels.

You collected 490 gold pieces.

Inventory:

Hand Weapons
 e - a +0 spear (weapon)
Missiles
 f - 6 javelins
Armour
 a - a +0 robe
 d - a +0 leather armour
 j - a +0 scale mail
 l - a +1 ring mail (worn)
Jewellery
 q - a ring of protection from cold
Wands
 p - a wand of digging (5)
Scrolls
 c - a scroll of fog
 g - 3 scrolls of identify
 h - a scroll of immolation
Potions
 b - a potion of magic
 i - a potion of haste
 k - a potion of cancellation
 o - a potion of degeneration


   Skills:
 + Level 1.7 Fighting
 * Level 2.4 Polearms
 + Level 1.8 Armour
 + Level 3.1 Dodging
 - Level 2.0 Stealth
 - Level 2.0 Spellcasting
 + Level 5.4 Summonings


You had 4 spell levels left.
You knew the following spells:

 Your Spells              Type           Power      Damage    Failure   Level
a - Summon Small Mammal   Summ           84%        N/A       6%          1
b - Call Canine Familiar  Summ           21%        N/A       17%         3

Your spell library contained the following spells:

 Spells                   Type           Power      Damage    Failure   Level
 Call Imp                 Summ           21%        N/A       9%          2
 Summon Guardian Golem    Hex/Summ       11%        N/A       47%         3
 Summon Lightning Spire   Summ/Air       11%        N/A       87%         4


Dungeon Overview and Level Annotations

Branches:
Dungeon (3/15)

Altars:
Fedhas


Innate Abilities, Weirdness & Mutations

You have a beak for a mouth.
You have claws for feet.
Your magical nature lets you fly swiftly and evasively.


Message History

The adder is heavily wounded.
Your hound barely misses the adder.
Your hound misses the adder. The adder bites you.
You are poisoned.
The adder poisons you!
You take 2 damage, and have 18/29 hp.
You closely miss the adder. Your peck misses the adder.
The adder is heavily wounded.
You feel sick.
Your hound bites the adder.
The adder dies!
You take 2 damage, and have 16/30 hp.
You closely miss the gnoll. You claw the gnoll.
The gnoll is lightly wounded.
You feel sick.
Your hound closely misses the gnoll.
The gnoll hits you but does no damage.
You are more poisoned.
Your hound barely misses the gnoll.
You barely miss the gnoll. Your kick misses the gnoll.
The gnoll is lightly wounded.
You feel sick.
Your hound closely misses the gnoll.
The gnoll completely misses you.
You take 2 damage, and have 14/30 hp.
You hit the gnoll but do no damage. You claw the gnoll.
The gnoll is moderately wounded.
You feel sick.
Your hound bites the gnoll but does no damage.
The gnoll hits you with a +0 whip of venom.
* * * LOW HITPOINT WARNING * * *
You are lethally poisoned!
Your hound barely misses the gnoll.
You take 8 damage, and have 6/30 hp.
MASSIVE DAMAGE!!
It was a potion of might.
You feel very mighty all of a sudden.
* * * LOW HITPOINT WARNING * * *
You feel very sick.
Your hound bites the gnoll.
The gnoll misses you.
You take 4 damage, and have 2/30 hp.
You barely miss the gnoll. Your kick misses the gnoll.
The gnoll is heavily wounded.
You die...

### #.. #.# ########## #.#
#########........## #.#
......†h@..)......# #.#
.###.##g#.######..# #.# .
#.#)#.# #..# #.# ..
#####.)...# #..# #.#
#.#...#.#.### #..# #.#
#.##..#......# #..#####.#
#..h....###..# ####........#
..S.....................#####
#.####.........#####..#.#####


You could see a gnoll (ally target) and a friendly hound (summoned).

Vanquished Creatures
  2 gnolls (D:3)
  An adder (D:2)
  A worm (D:2)
  3 dart slugs
  3 ball pythons
  8 endoplasms
  2 giant cockroaches
  A goblin (D:1)
  6 hobgoblins
  6 jackals
  2 quokkas (D:1)
  12 bats
  4 frilled lizards
  2 kobolds
  7 rats
60 creatures vanquished.

Vanquished Creatures (collateral kills)
  A gnoll (D:3)
  2 adders
  A jackal (D:3)
4 creatures vanquished.

Vanquished Creatures (others)
  9 plants (D:1)
9 creatures vanquished.

Grand Total: 73 creatures vanquished

Notes
Turn   | Place    | Note
-------+----------+-------------------------------------------
     0 | D:1      | jasper the Tengu Summoner began the quest for the Orb.
     0 | D:1      | Reached XP level 1. HP: 10/10 MP: 4/4
   151 | D:1      | Reached XP level 2. HP: 16/16 MP: 6/6
   224 | D:1      | Reached skill level 5 in Summonings
   244 | D:1      | Found a faded altar of an unknown god.
   277 | D:1      | Reached skill level 1 in Armour
   388 | D:1      | Reached skill level 1 in Polearms
   388 | D:1      | Reached XP level 3. HP: 20/20 MP: 7/7
   444 | D:1      | Reached skill level 1 in Fighting
   655 | D:1      | Identified a scroll of acquirement
   655 | D:1      | Acquired 367 gold pieces
   720 | D:2      | Learned a level 3 spell: Call Canine Familiar
  1011 | D:2      | Reached XP level 4. HP: 25/25 MP: 8/8
  1630 | D:3      | Found a blossoming altar of Fedhas.
  1833 | D:3      | Gained mutation: Your magical nature lets you fly swiftly
                  | and evasively. [Tengu growth]
  1833 | D:3      | Reached XP level 5. HP: 29/29 MP: 7/9
  1844 | D:3      | Succumbed to a gnoll's poison

Illustrated notes

Levels and vault maps discovered:
D:1:      lemuel_arrival_river_ford, layout_rooms,
          hellmonk_ecumenical_altar_blasted, serial_bayou_lagoon_a
D:2:      layout_loops_ring
D:3:      layout_loops_ring, old_standard_altar,
          mainiacjoe_overflow_large_starburst

Skill      XL: |  1  2  3  4 |
---------------+-------------+-----
Summonings     | 5 |  5.4
Armour         | 1 |  1.8
Polearms       | 1 2 |  2.4
Fighting       | 1 |  1.7
Dodging        | 3 |  3.1
Stealth        | |  2.0
Spellcasting   | |  2.0

Action                     |  1- 3 |  4- 6 || total
---------------------------+-------+-------++-------
  Melee: Unarmed           |    22 |    12 ||    34
         Kick              |    34 |    12 ||    46
         Peck              |    10 |    11 ||    21
         Spear             |   105 |    60 ||   165
         Punch             |     1 |     1 ||     2
   Cast: Call Canine Famil |       |     3 ||     3
    Use: Scroll            |     2 |     6 ||     8
         Potion            |       |     2 ||     2
   Stab: Sleeping          |     4 |       ||     4
 Armour: Leather armour    |    31 |       ||    31
         Ring mail         |     4 |    30 ||    34
         Skin              |       |    28 ||    28
  Dodge: Dodged            |    75 |    28 ||   103

Table legend: (Time is in decaauts)
 A = Elapsed time spent in this place.
 B = Non-inter-level travel time spent in this place.
 C = Inter-level travel time spent in this place.
 D = Time resting spent in this place.
 E = Time spent auto-exploring this place.
 F = Levels seen in this place.
 G = Mean time per level.
                   A        B        C        D        E       F      G
               +--------+--------+--------+--------+--------+-----+--------+
         Total |   1857 |   1802 |     55 |     90 |   1112 |   3 |  619.0 |
       Dungeon |   1857 |   1802 |     55 |     90 |   1112 |   3 |  619.0 |
               +--------+--------+--------+--------+--------+-----+--------+

Top non-repeatable levels by time:
     D:2: 741 daAuts
     D:1: 715 daAuts
     D:3: 400 daAuts
